 Dungeon Crawl Stone Soup version 0.22.1-1-ga44c0e56f4 (webtiles) character file.

686 Jannitor the Cutter (level 7, 0/44 HPs)
             Began as a Tengu Chaos Knight on Sept 20, 2018.
             Killed from afar by an orc wizard (10 damage)
             ... with a puff of flame
             ... on level 4 of the Dungeon.
             The game lasted 00:05:04 (3375 turns).

Jannitor the Cutter (Tengu Chaos Knight)            Turns: 3375, Time: 00:05:05

Health: 0/44       AC:  6    Str: 14    XL:     7   Next: 62%
Magic:  6/8        EV: 16    Int: 12    God:    Xom [..*...]
Gold:   171        SH:  0    Dex: 14    Spells: 6/6 levels left

rFire    . . .     SeeInvis .   p - +2 short sword (speed)
rCold    . . .     Gourm    .   (no shield)
rNeg     . . .     Faith    .   b - +2 leather armour
rPois    .         Spirit   .   (helmet restricted)
rElec    .         Reflect  .   v - +0 cloak
rCorr    .         Harm     .   (no gloves)
MR       .....                  (boots unavailable)
Stlth    +.........             (no amulet)
HPRegen  0.14/turn              (no ring)
MPRegen  0.11/turn              (no ring)

@: flying quickly and evasively, very slightly contaminated, invisible, quick
A: beak, talons 3, able to fly 1
a: Renounce Religion


You were on level 4 of the Dungeon.
You worshipped Xom.
You were a toy of Xom.
You were not hungry.

You visited 1 branch of the dungeon, and saw 4 of its levels.

You collected 171 gold pieces.

Inventory:

Hand Weapons
 a - a +0 short sword of chaos
 p - a +2 short sword of speed (weapon)
Missiles
 o - 7 curare-tipped needles
 r - a throwing net (quivered)
Armour
 b - a +2 leather armour (worn)
 d - a +0 large shield
 v - a +0 cloak (worn)
Wands
 l - a wand of flame (27)
Scrolls
 e - 8 scrolls of identify {unknown}
 j - 2 scrolls of immolation {unknown}
 k - 2 scrolls of remove curse {unknown}
 m - 4 scrolls of blinking {unknown}
 q - a scroll of amnesia {unknown}
 w - a scroll of teleportation {unknown}
 x - a scroll of enchant armour {unknown}
Potions
 f - a potion of might {unknown}
 g - a potion of agility {unknown}
 n - 2 potions of curing
 s - a potion of mutation {unknown}
 t - a potion of lignification {unknown}
 u - a potion of flight {unknown}
Comestibles
 c - 8 rations


   Skills:
 + Level 5.0 Fighting
 + Level 5.5 Short Blades
 + Level 4.9 Armour
 + Level 4.3 Dodging


You had 6 spell levels left.
You didn't know any spells.
Your spell library was empty.

Dungeon Overview and Level Annotations

Branches:
Dungeon (4/15)
 Temple: D:4-7

Altars:
Fedhas
Kikubaaqudgha
Nemelex Xobeh
Wu Jian

Shops:
D:4 :


Innate Abilities, Weirdness & Mutations

You have a beak for a mouth.
You have claws for feet.
You can fly.


Message History

A magic dart appears from out of thin air!
The magic dart hits the orc priest.
Things that are here:
a dagger of freezing; a robe; a worker ant corpse You barely miss the orc priest.
You claw the orc priest.
The orc priest is heavily wounded.
The adder skeleton closely misses you. The orc priest misses you.
You closely miss the orc priest. Your kick misses the orc priest.
You peck the orc priest.
The orc priest is almost dead.
You catch the helpless orc priest completely off-guard!
You puncture the orc priest!
You kill the orc priest!
Your Fighting skill increases to level 5!
You hear some strange, mumbled words.
A puff of flame appears from out of thin air!
Deactivating autopickup; reactivate with Ctrl-A.
The puff of flame hits you!
You die... "Boring in life, boring in death..."

#.# #.._..# ...
#######.####.P.P.###### ...
.......................
....#######.######....#....
...............# ######....
.....######.##.########....
...........................
........#)#######.#####....
.........Z@)b..............
........#########..........
.......?# ########.
........# #. ........# #.
........# #. ........# #.
........# #. #.


You could see an adder skeleton.

Vanquished Creatures
  Sigmund (D:2)
  A scorpion (D:4)
  A hound (D:4)
  3 orc priests (D:4)
  A bullfrog skeleton (D:4)
  An iguana (shapeshifter) (D:2)
  Natasha (thrice) (D:3)
  An orc wizard (D:4)
  3 worker ants (D:4)
  A hound skeleton (D:3)
  3 gnolls (D:3)
  2 adders
  3 worms
  A dart slug (D:1)
  2 leopard geckos
  5 orcs
  6 bats
  4 giant cockroaches
  15 goblins
  11 hobgoblins
  2 jackals (D:1)
  4 kobolds
  A quokka (D:3)
  2 ball pythons
  6 frilled lizards
  A jackal skeleton (D:4)
  A rat (shapeshifter) (D:1)
  3 rats
88 creatures vanquished.

Notes
Turn   | Place    | Note
-------+----------+-------------------------------------------
     0 | D:1      | Jannitor the Tengu Chaos Knight began the quest for the
                  | Orb.
     0 | D:1      | Reached XP level 1. HP: 14/14 MP: 2/2
   111 | D:1      | Reached XP level 2. HP: 19/19 MP: 3/3
   187 | D:1      | XOM: smoke on damage
   313 | D:1      | XOM: silly message
   364 | D:1      | XOM: harmless Tloc miscast
   428 | D:1      | XOM: silly message
   566 | D:1      | Reached XP level 3. HP: 23/23 MP: 4/4
   922 | D:2      | Found an ornate altar of the Wu Jian Council.
  1020 | D:2      | Reached XP level 4. HP: 16/28 MP: 5/5
  1302 | D:2      | Noticed Sigmund
  1306 | D:2      | XOM: harmless Chrm miscast
  1316 | D:2      | Killed Sigmund
  1316 | D:2      | Gained mutation: You can fly. [Tengu growth]
  1316 | D:2      | Reached XP level 5. HP: 23/33 MP: 6/6
  1412 | D:2      | XOM: divination: detect creatures
  1469 | D:2      | Reached XP level 6. HP: 36/38 MP: 7/7
  1533 | D:2      | XOM: mild Erth miscast
  1643 | D:2      | XOM: harmless Erth miscast
  1688 | D:2      | XOM: harmless Necr miscast
  2142 | D:3      | Noticed Natasha
  2154 | D:3      | Killed Natasha
  2394 | D:3      | XOM: harmless Conj miscast
  2434 | D:3      | Noticed Natasha
  2441 | D:3      | Killed Natasha
  2647 | D:3      | Noticed Natasha
  2653 | D:3      | Killed Natasha
  2757 | D:4      | Reached skill level 5 in Short Blades
  2778 | D:4      | XOM: snakes to sticks
  2785 | D:4      | XOM: enchant monster (bad)
  2786 | D:4      | Reached XP level 7. HP: 43/44 MP: 8/8
  2806 | D:4      | Found Anakh's Book Emporium.
  3082 | D:4      | Found an ancient bone altar of Kikubaaqudgha.
  3295 | D:4      | Found a sparkling altar of Nemelex Xobeh.
  3314 | D:4      | Found a blossoming altar of Fedhas.
  3359 | D:4      | XOM: butterfly on damage
  3375 | D:4      | Reached skill level 5 in Fighting
  3375 | D:4      | Killed from afar by an orc wizard

Skill      XL: |  1  2  3  4  5  6  7 |
---------------+----------------------+-----
Dodging        | 2 3 4 |  4.3
Armour         | 3 4 |  4.9
Fighting       | 4 5 |  5.0
Short Blades   | 4 5 |  5.5

Action                   |  1- 3 |  4- 6 |  7- 9 || total
-------------------------+-------+-------+-------++-------
Melee: Short sword       |    74 |   118 |    55 ||   247
       Peck              |    11 |    14 |     8 ||    33
       Kick              |    11 |    26 |    20 ||    57
 Abil: Fly               |       |       |     1 ||     1
  Use: Potion            |       |     1 |     2 ||     3
 Stab: Sleeping          |     1 |     2 |       ||     3
       Paralysed         |     1 |       |       ||     1
       Invisible         |       |     1 |     1 ||     2
  Eat: Chunk             |       |     6 |     2 ||     8
Armor: Leather armour    |    13 |    28 |    10 ||    51
Dodge: Dodged            |    35 |    56 |    24 ||   115
